 Dungeon Crawl Stone Soup version 0.25.1-8-g42b30a86e7 (webtiles) character file.

Game seed: 11798794685592849481

30 gruber the Chiller (level 3, 24/24 HPs)
             Began as a Demonspawn Ice Elementalist on Dec 19, 2020.
             Quit the game on level 2 of the Dungeon.
             The game lasted 00:01:14 (1380 turns).

gruber the Chiller (Demonspawn Ice Elementalist)    Turns: 1380, Time: 00:01:14

Health: 24/24      AC:  2    Str:  8    XL:     3   Next: 3%
Magic:  6/6        EV: 12    Int: 17    God:
Gold:   68         SH:  0    Dex: 13    Spells: 5/6 levels left

rFire    . . .     SeeInvis .   (no weapon)
rCold    . . .     Gourm    .   (no shield)
rNeg     . . .     Faith    .   a - +0 robe
rPois    .         Spirit   .   (no helmet)
rElec    .         Reflect  .   (no cloak)
rCorr    .         Harm     .   (no gloves)
MR       .....                  (no boots)
Stlth    +++.......             (no amulet)
HPRegen  0.08/turn              (no ring)
MPRegen  0.10/turn              (no ring)

@: no status effects
A: claws 1, nightstalker 1
a: no special abilities


You were on level 2 of the Dungeon.
You were not hungry.

You visited 1 branch of the dungeon, and saw 2 of its levels.

You collected 68 gold pieces.

Inventory:

Missiles
 h - 3 curare-tipped darts (quivered)
Armour
 a - a +0 robe (worn)
Scrolls
 d - a scroll of fog {unknown}
 k - a scroll of remove curse {unknown}
Potions
 b - a potion of might {unknown}
 e - a potion of berserk rage {unknown}
 f - a potion of lignification {unknown}
 g - a potion of resistance {unknown}
 i - 2 potions of curing {unknown}
 j - a potion of haste {unknown}
Comestibles
 c - 2 rations
 l - 3 chunks of flesh


   Skills:
 - Level 1.7 Dodging
 - Level 1.7 Stealth
 - Level 2.0 Spellcasting
 + Level 4.5 Ice Magic


You had 5 spell levels left.
You knew the following spells:

 Your Spells              Type           Power        Failure   Level  Hunger
a - Freeze                Ice            ###.         3%          1    #......

Your spell library contained the following spells:

 Spells                   Type           Power        Failure   Level  Hunger
 Frozen Ramparts          Ice            ###...       9%          3    ###....
 Ozocubu's Armour         Chrm/Ice       #.......     22%         3    ###....
 Hailstorm                Conj/Ice       #.......     58%         4    #####..
 Summon Ice Beast         Ice/Summ       #.......     58%         4    #####..


Dungeon Overview and Level Annotations

Branches:
Dungeon (2/15)

Altars:


Innate Abilities, Weirdness & Mutations

You have sharp fingernails.
You are slightly more attuned to the shadows.


Message History

Unknown command.
No target in view!
No target in view!
Magic restored.
You butcher the jackal corpse.
l - 3 chunks of flesh You butcher the jackal corpse.
l - 4 chunks of flesh (gained 1)
Things that are here:
a jackal skeleton x2
Things that are here:
a jackal skeleton x2
Eating one of 4 chunks of flesh.
You eat one of the 4 chunks of flesh.
This raw flesh tastes terrible.
You open the door.
A hobgoblin comes into view. It is wielding a +0 club.
Unknown command.
Unknown command.
Unknown command.
Are you sure you want to abandon this character and quit the game? (Confirm with "yes".)

..# #+ #. #.# #.. #
#. #.# #g..
#.##.###.##....
#.#....#.#.....
#........'.....
##.#....#@#
........#.#
#........#
#####..#####
##.........#
#......###.###.
#..##..........
#.###..##..###.###.
#.....<....#


You could see a hobgoblin (asleep).

Vanquished Creatures
  A dart slug (D:1)
  A leopard gecko (D:1)
  2 goblins (D:2)
  3 hobgoblins (D:1)
  4 jackals (D:2)
  4 kobolds (D:1)
  5 bats
  4 frilled lizards (D:1)
24 creatures vanquished.

Notes
Turn   | Place    | Note
-------+----------+-------------------------------------------
     0 | D:1      | gruber the Demonspawn Ice Elementalist began the quest for
                  | the Orb.
     0 | D:1      | Reached XP level 1. HP: 13/13 MP: 3/3
   186 | D:1      | Reached skill level 4 in Ice Magic
   339 | D:1      | Gained mutation: You have sharp fingernails. [demonic
                  | ancestry]
   339 | D:1      | Reached XP level 2. HP: 11/19 MP: 0/5
   972 | D:1      | You fall into a shaft and drop 1 floor!
  1319 | D:2      | Gained mutation: You are slightly more attuned to the
                  | shadows. [demonic ancestry]
  1319 | D:2      | Reached XP level 3. HP: 24/24 MP: 1/6
  1380 | D:2      | Quit the game

Illustrated notes

Levels and vault maps discovered:
D:1:      nzn_arrival_crosshair, layout_basic
D:2:      layout_loops_corners, first_ration, mrwooster_statue_mirror,
          uniq_terence

Skill      XL: |  1 |
---------------+----+-----
Ice Magic      | 4 |  4.5
Dodging        | |  1.7
Stealth        | |  1.7
Spellcasting   | |  2.0

Action                   || total
-------------------------++-------
Melee: Unarmed           ||    49
 Cast: Freeze            ||    27
 Stab: Sleeping          ||     1
  Eat: Chunk             ||     2
Armor: Robe              ||    27
Dodge: Dodged            ||    49
